 Dungeon Sprint DCSS version 0.23.2-1-ga50397a6bc (webtiles) character file.

Game seed: 9675426279190045372

13974 Groucho the Fighter (level 12, -14/128 HPs)
             Began as a Naga Fighter on Apr 17, 2019.
             Was the Champion of Cheibriados.
             Demolished by a death cob (18 damage)
             ... in the Dungeon (Sprint VII: "The Pits").
             The game lasted 00:15:56 (4462 turns).

Groucho the Fighter (Naga Fighter)                  Turns: 4462, Time: 00:15:56

Health: -14/128    AC: 19    Str: 33    XL:     12   Next: 11%
Magic:  21/21      EV:  7    Int: 27    God:    Cheibriados [******]
Gold:   31         SH: 16    Dex: 31    Spells: 11/11 levels left

rFire    . . .     SeeInvis +   q - +4 broad axe
rCold    . . .     Gourm    .   c - +0 shield
rNeg     . . .     Faith    .   l - +4 chain mail
rPois    +         Spirit   .   (no helmet)
rElec    .         Reflect  .   (no cloak)
rCorr    .         Harm     .   (no gloves)
MR       +....     NoTele   +   (no barding)
Stlth    ..........             (no amulet)
HPRegen  0.31/turn              b - +3 ring of intelligence
MPRegen  0.17/turn              t - +3 ring of protection

@: slowed, very slow
A: large, see invisible, deformed body, poison resistance, slowness 2, slow
metabolism 1, spit poison 1, AC +4
a: Spit Poison, Bend Time, Temporal Distortion, Slouch, Step From Time, Renounce
Religion


You were in the Dungeon.
You worshipped Cheibriados.
Cheibriados was exalted by your worship.
You were not hungry.

You visited 1 branch You collected 31 gold pieces.

Inventory:

Hand Weapons
 q - a +4 broad axe (weapon)
 r - a +2 flail of crushing
Missiles
 m - 10 stones (quivered)
 y - 6 tomahawks
Armour
 c - a +0 shield (worn)
 l - a +4 chain mail (worn)
Jewellery
 b - a +3 ring of intelligence (left hand)
 t - a +3 ring of protection (right hand)
 w - an uncursed ring of protection from fire
 x - a +5 amulet of reflection
 z - an uncursed ring of flight
Scrolls
 k - 4 scrolls of blinking
 n - 4 scrolls of remove curse
 o - 5 scrolls of amnesia
 p - a scroll of summoning
 s - 4 scrolls of identify
 A - 2 scrolls of enchant armour
 B - a scroll of fear
 C - a scroll of fog
Potions
 a - 2 potions of invisibility
 d - a potion of might
 e - 9 potions of curing
 g - 14 potions of heal wounds
 h - 2 potions of haste
 i - 4 potions of magic
 j - 3 potions of berserk rage
 u - 3 potions of agility
 v - 2 potions of brilliance
Comestibles
 f - 8 rations


   Skills:
 + Level 14.1 Fighting
 + Level 14.0 Axes
 + Level 12.1 Armour
 + Level 12.1 Shields
 - Level 12.0 Invocations


You had 11 spell levels left.
You didn't know any spells.
Your spell library was empty.

Dungeon Overview and Level Annotations

Branches:
Dungeon (1/1)

Altars:
Ashenzari
Cheibriados
Dithmenos
Elyvilon
Fedhas
Gozag
Hepliaklqana
Kikubaaqudgha
Makhleb
Nemelex Xobeh
Okawaru
Qazlal
Ru
Sif Muna
Trog
Uskayaw
Vehumet
Wu Jian
Xom
Yredelemnul
Zin
The Shining One
Beogh
Jiyva
Lugonu


Innate Abilities, Weirdness & Mutations

You cannot wear boots.
Your serpentine skin is tough. (AC +4)
You have supernaturally acute eyesight. (SInv)
Armour fits poorly on your strangely shaped body.
Your system is resistant to poisons. (rPois)
You cover ground very slowly.
You have a slow metabolism.
You can spit poison.


Message History

You feel much better. The death cob hits you.
* * * LOW HITPOINT WARNING * * *
The death cob drains your vigour!
You feel as though you will be slow longer.
The death cob hits you!
* * * LOW HITPOINT WARNING * * *
The death cob drains your vigour!
You feel as though you will be slow longer.
The death cob hits you but does no damage.
You block the death cob's attack.
Unknown command.
You feel much better. The death cob hits you!
* * * LOW HITPOINT WARNING * * *
The death cob drains your vigour!
You feel as though you will be slow longer.
The death cob hits you!!
* * * LOW HITPOINT WARNING * * *
The death cob hits you but does no damage.
The death cob hits you!!
You die...

####++#####
# .........#
#. ........#
+..#....#..#
+..........#
#..........#
#..#..@.#..#
+.....z....#
+..........#
#..#....#..#
#..........+
#..........+
###++####''#
#''#######
#..†......


You could see a death cob.

Vanquished Creatures
  Erolcha (D)
  2 naga warriors (D)
  A death knight (D)
  2 shadow wraiths (D)
  2 unseen horrors (D)
  A swamp dragon (D)
  A lindwurm (D)
  A deep elf mage (D)
  A cyclops (D)
  An elephant (D)
  A large abomination (D)
  A black mamba (D)
  A guardian serpent (D)
  A smoke demon (D)
  2 freezing wraiths (D)
  A komodo dragon (D)
  A troll (D)
  A snapping turtle (D)
  2 hippogriffs (D)
  3 wyverns (D)
  6 yaks (D)
  A basilisk (D)
  A steam dragon (D)
  2 nagas (D)
  2 wargs (D)
  2 floating eyes (D)
  An ice beast (D)
  2 orc warriors (D)
  A black bear (D)
  A sky beast (D)
  2 ogres (D)
  4 wolves (D)
  2 necrophages (D)
  3 eyes of draining (D)
  A centaur (D)
  3 killer bees (D)
  2 quasits (D)
  4 orc priests (D)
  3 orc wizards (D)
  A hell rat (D)
  An adder (D)
  2 ufetubi (D)
  2 adder skeletons (D)
  5 orcs (D)
  A bat zombie (D)
  A giant cockroach (D)
  2 jackals (D)
  A kobold (D)
  A ball python (D)
  A frilled lizard (D)
  A rat (D)
89 creatures vanquished.

Notes
Turn   | Place    | Note
-------+----------+-------------------------------------------
     0 | D        | Groucho the Naga Fighter began the quest for the Orb.
     0 | D        | Reached XP level 1. HP: 21/21 MP: 1/1
    43 | D        | Found a glowing golden altar of the Shining One.
    43 | D        | Found a glowing silver altar of Zin.
    43 | D        | Found a basalt altar of Yredelemnul.
    43 | D        | Found a shimmering altar of Xom.
    43 | D        | Found an ornate altar of the Wu Jian Council.
    43 | D        | Found a bloodstained altar of Trog.
    43 | D        | Found a deep blue altar of Sif Muna.
    43 | D        | Found a sacrificial altar of Ru.
    43 | D        | Found a stormy altar of Qazlal.
    43 | D        | Found an iron altar of Okawaru.
    43 | D        | Found a sparkling altar of Nemelex Xobeh.
    43 | D        | Found a burning altar of Makhleb.
    43 | D        | Found a viscous altar of Jiyva.
    43 | D        | Found a hazy altar of Hepliaklqana.
    43 | D        | Found an opulent altar of Gozag.
    43 | D        | Found a blossoming altar of Fedhas.
    43 | D        | Found a white marble altar of Elyvilon.
    43 | D        | Found a shadowy altar of Dithmenos.
    43 | D        | Found a snail-covered altar of Cheibriados.
    44 | D        | Found a radiant altar of Vehumet.
    44 | D        | Found a corrupted altar of Lugonu.
    44 | D        | Found a roughly hewn altar of Beogh.
    45 | D        | Found an ancient bone altar of Kikubaaqudgha.
    45 | D        | Found a hide-covered altar of Uskayaw.
    45 | D        | Found a shattered altar of Ashenzari.
    51 | D        | Became a worshipper of Cheibriados the Contemplative
    66 | D        | Reached * piety under Cheibriados
    66 | D        | Reached XP level 2. HP: 25/28 MP: 2/2
    89 | D        | Reached ** piety under Cheibriados
    89 | D        | Reached skill level 1 in Invocations
   104 | D        | Noticed a floating eye
   106 | D        | Paralysed by a floating eye for 2 turns
   109 | D        | Killed a floating eye
   109 | D        | Reached *** piety under Cheibriados
   109 | D        | Reached skill level 5 in Fighting
   109 | D        | Reached XP level 3. HP: 39/39 MP: 3/5
   109 | D        | Reached XP level 4. HP: 46/46 MP: 3/6
   109 | D        | Reached XP level 5. HP: 52/52 MP: 3/7
   251 | D        | Noticed a floating eye
   254 | D        | Paralysed by a floating eye for 4 turns
   258 | D        | Killed a floating eye
   258 | D        | Reached **** piety under Cheibriados
   258 | D        | Reached skill level 5 in Axes
   258 | D        | Reached skill level 5 in Armour
   258 | D        | Reached skill level 5 in Shields
   258 | D        | Reached skill level 5 in Invocations
   258 | D        | Reached XP level 6. HP: 62/62 MP: 7/9
   340 | D        | Noticed a necrophage
   340 | D        | Noticed a warg
   341 | D        | Killed a warg
   341 | D        | Reached ***** piety under Cheibriados
   342 | D        | Noticed a necrophage
   346 | D        | Killed a necrophage
   346 | D        | Reached XP level 7. HP: 65/71 MP: 4/12
   383 | D        | Noticed a warg
   383 | D        | Noticed a deep elf mage
   386 | D        | Killed a warg
   386 | D        | Reached XP level 8. HP: 45/79 MP: 7/14
   386 | D        | Reached ****** piety under Cheibriados
   398 | D        | Killed a deep elf mage
   917 | D        | Noticed a komodo dragon
   919 | D        | Killed a komodo dragon
   919 | D        | Reached XP level 9. HP: 92/92 MP: 9/16
  1118 | D        | Noticed a lindwurm
  1126 | D        | Killed a lindwurm
  1126 | D        | Reached skill level 10 in Fighting
  1126 | D        | Reached skill level 10 in Axes
  1126 | D        | Reached skill level 10 in Invocations
  1347 | D        | Noticed a shadow wraith
  1352 | D        | Killed a shadow wraith
  1352 | D        | Reached XP level 10. HP: 100/103 MP: 6/18
  1570 | D        | Noticed a smoke demon
  1575 | D        | Killed a smoke demon
  2036 | D        | Noticed a black mamba
  2040 | D        | Killed a black mamba
  2088 | D        | Noticed a cyclops
  2088 | D        | Noticed an elephant
  2093 | D        | Killed an elephant
  2097 | D        | Killed a cyclops
  2405 | D        | Noticed a large abomination
  2407 | D        | Killed a large abomination
  2407 | D        | Reached skill level 10 in Armour
  2407 | D        | Reached skill level 10 in Shields
  2930 | D        | Noticed a death knight
  2936 | D        | Killed a death knight
  2936 | D        | Reached XP level 11. HP: 92/114 MP: 9/20
  3014 | D        | Noticed a naga warrior
  3014 | D        | Noticed a naga warrior
  3023 | D        | Killed a naga warrior
  3026 | D        | Killed a naga warrior
  3385 | D        | Noticed an unseen horror
  3387 | D        | Killed an unseen horror
  3387 | D        | Noticed an unseen horror
  3395 | D        | Killed an unseen horror
  3962 | D        | Noticed a shadow wraith
  3965 | D        | Killed a shadow wraith
  4094 | D        | Noticed Erolcha
  4094 | D        | Noticed a swamp dragon
  4096 | D        | Killed Erolcha
  4096 | D        | Reached XP level 12. HP: 127/128 MP: 15/21
  4443 | D        | Noticed a death cob
  4462 | D        | HP: 4/128 [death cob (26)]
  4462 | D        | Demolished by a death cob

Skill      XL: |  1  2  3  4  5  6  7  8  9 10 11 12 |
---------------+-------------------------------------+-----
Axes           | 4 5 6 8 9 10 12 13 14 | 14.0
Armour         | 4 5 6 7 9 10 12 | 12.1
Shields        | 4 5 6 7 9 10 12 | 12.1
Invocations    | 3 5 6 8 9 10 12 | 12.0
Fighting       | 5 6 7 8 9 10 12 14 | 14.1

Action                   |  1- 3 |  4- 6 |  7- 9 | 10-12 || total
-------------------------+-------+-------+-------+-------++-------
Melee: Hand axe          |    15 |     8 |    27 |       ||    50
       War axe           |     3 |       |     7 |    43 ||    53
       Broad axe         |       |       |       |    42 ||    42
Invok: Slouch            |       |     1 |     8 |    21 ||    30
  Use: Potion            |       |       |     1 |     5 ||     6
  Eat: Chunk             |       |       |       |     2 ||     2
       Ration            |       |       |       |     2 ||     2
Armor: Scale mail        |     9 |     4 |     9 |       ||    22
       Chain mail        |       |       |     7 |    51 ||    58
Dodge: Dodged            |     2 |     2 |     2 |    29 ||    35
Block: Shield            |    10 |     3 |    14 |    92 ||   119
